 Dungeon Crawl Stone Soup version 0.24.0-13-gcf9b319 (webtiles) character file.

Game seed: 11022851993167383664, levelgen mode: deterministic

935 Bronimir the Stinger (level 8, -16/50 HPs)
             Began as an Octopode Venom Mage on Mar 25, 2020.
             Was an Initiate of Vehumet.
             Killed from afar by a crimson imp (17 damage)
             ... with an iceblast
             ... on level 5 of the Dungeon.
             The game lasted 00:21:03 (6640 turns).

Bronimir the Stinger (Octopode Venom Mage)          Turns: 6640, Time: 00:21:04

Health: -16/50     AC:  1    Str:  8    XL:     8   Next: 11%
Magic:  13/13      EV: 16    Int: 25    God:    Vehumet [......]
Gold:   294        SH:  0    Dex: 12    Spells: 4/14 levels left

rFire    . . .     SeeInvis .   b - +0 hunting sling
rCold    . . .     Gourm    .   (no shield)
rNeg     . . .     Faith    .   (helmet restricted)
rPois    .         Spirit   .   (no amulet)
rElec    .         Reflect  .   m - +6 ring of intelligence
rCorr    .         Harm     .   n - +2 ring of evasion
MR       .....                  (no ring)
Stlth    +++.......             (no ring)
HPRegen  0.16/turn              (no ring)
MPRegen  0.13/turn              (no ring)
                                (no ring)
                                (no ring)

@: lightly drained
A: almost no armour, stealthy swim, amphibious, 8 rings, constrict 8, camouflage
1, gelatinous body 1
a: Renounce Religion


You were on level 5 of the Dungeon.
You worshipped Vehumet.
Vehumet was noncommittal.
You were very hungry.

You visited 1 branch of the dungeon, and saw 5 of its levels.

You collected 294 gold pieces.

Inventory:

Hand Weapons
 a - a +0 spear
 b - a +0 hunting sling (weapon)
 c - a +0 whip
 g - a +0 dagger
Missiles
 f - 31 sling bullets (quivered)
 i - 138 stones
 k - 52 bolts
 x - 21 poisoned darts
Armour
 y - a +0 shield
Jewellery
 m - a +6 ring of intelligence (left tentacle)
 n - a +2 ring of evasion (right tentacle)
 p - an uncursed ring of fire
 w - an uncursed amulet of harm
Scrolls
 e - 4 scrolls of teleportation {unknown}
 h - a scroll of magic mapping {unknown}
 j - 2 scrolls of noise {unknown}
 s - 3 scrolls of identify {unknown}
 t - 2 scrolls of immolation {unknown}
 u - 2 scrolls of remove curse {unknown}
 v - a scroll of enchant weapon {unknown}
Potions
 d - 2 potions of curing
 o - a potion of magic {unknown}
 q - a potion of invisibility
 r - a potion of heal wounds {unknown}
 z - 2 potions of agility {unknown}
Comestibles
 l - 6 rations


   Skills:
 + Level 1.8(1.3) Fighting
 + Level 0.4(0.0) Maces & Flails
 + Level 1.1(0.7) Polearms
 + Level 3.5(3.0) Slings
 * Level 4.1(3.6) Dodging
 - Level 2.6(2.2) Stealth
 + Level 3.6(3.1) Spellcasting
 * Level 3.4(2.9) Conjurations
 - Level 0.5(0.0) Air Magic
 * Level 6.5(6.0) Poison Magic


You had 4 spell levels left.
You knew the following spells:

 Your Spells              Type           Power        Failure   Level  Hunger
a - Sting                 Conj/Pois      ####         1%          1    None
b - Poisonous Vapours     Pois/Air       ###...       4%          2    ##.....
c - Mephitic Cloud        Conj/Pois/Air  ###.....     9%          3    ###....
d - Olgreb's Toxic Radia  Pois           ####....     9%          4    ####...

Your spell library contained the following spells:

 Spells                   Type           Power        Failure   Level  Hunger
 Venom Bolt               Conj/Pois      ####......   41%         5    ######.


Dungeon Overview and Level Annotations

Branches:
Dungeon (5/15)
 Temple: D:4-7

Altars:
Elyvilon
Gozag
Makhleb
Vehumet

Shops:
D:4 }*:=

Annotations:
D:4 2 transporters


Innate Abilities, Weirdness & Mutations

You cannot wear most types of armour.
You are very stealthy in the water. (Stealth+)
You are amphibious.
You can wear up to eight rings at the same time.
You can use your tentacles to constrict eight enemies at once.
Your skin changes colour to match your surroundings (Stealth+).
Your rubbery body absorbs attacks. (AC +1, EV +1)


Message History

Aim: a crimson imp, carrying a wand of iceblast (8) (lightly wounded)
You shoot a sling bullet.
The sling bullet hits the crimson imp but does no damage.
The crimson imp is lightly wounded.
The crimson imp zaps a wand.
The mass of ice explodes!
The iceblast engulfs you!
You hear a shout! x3
You are too injured to fight recklessly!
You are too injured to fight recklessly!
You are too injured to fight recklessly!
You are too injured to fight recklessly!
Things that are here:
a +0 ring mail; a cursed +0 flail You see here a +0 chain mail.
The crimson imp zaps a wand.
The mass of ice explodes!
The iceblast engulfs you!!
* * * LOW HITPOINT WARNING * * *
The crimson imp zaps a wand.
The mass of ice explodes!
The iceblast engulfs you!
You die...

#[# #.#####.##
#5........
#.#####... ##.####
#. #.....# ##.
##.....# #..
#..._..# #. ####..
#..@...# #..#.....
#......## #..#.....
#.#.....####....#...
#...................
###..[..#####.......
##...## #.#.....
##.#### #.#.....
#<##.## #.###...
#(..#.###.......


You could see a crimson imp.

Vanquished Creatures
  3 ogres
  A phantom (D:5)
  A scorpion (D:5)
  2 orc wizards
  An orc priest (D:4)
  Jessica (D:2)
  2 bullfrog skeletons
  5 worker ants
  A hound skeleton (D:3)
  Robin (D:2)
  4 gnolls
  9 adders
  An ooze (D:5)
  3 dart slugs
  4 leopard geckos
  10 orcs
  2 bats (D:1)
  3 giant cockroaches
  14 goblins
  14 hobgoblins
  3 jackals (D:2)
  A ball python (D:2)
  6 frilled lizards
  4 kobolds
  9 rats
105 creatures vanquished.

Notes
Turn   | Place    | Note
-------+----------+-------------------------------------------
     0 | D:1      | Bronimir the Octopode Venom Mage began the quest for the
                  | Orb.
     0 | D:1      | Reached XP level 1. HP: 11/11 MP: 3/3
   109 | D:1      | Reached XP level 2. HP: 6/17 MP: 0/5
   321 | D:1      | Learned a level 2 spell: Poisonous Vapours
   385 | D:1      | Reached skill level 4 in Poison Magic
  1004 | D:1      | Reached XP level 3. HP: 21/21 MP: 3/6
  1009 | D:1      | Learned a level 3 spell: Mephitic Cloud
  1058 | D:2      | Noticed Robin
  1622 | D:2      | Killed Robin
  1622 | D:2      | Reached XP level 4. HP: 10/27 MP: 0/7
  2370 | D:2      | Noticed Jessica
  2373 | D:2      | Killed Jessica
  2373 | D:2      | Reached XP level 5. HP: 23/32 MP: 1/8
  2623 | D:3      | Reached skill level 1 in Slings
  2910 | D:3      | Reached skill level 5 in Poison Magic
  3127 | D:3      | Noticed an ogre
  3133 | D:3      | Killed an ogre
  3133 | D:3      | Reached skill level 1 in Fighting
  3133 | D:3      | Reached XP level 6. HP: 38/38 MP: 1/9
  3785 | D:4      | Found Javvaapt's General Store.
  3786 | D:4      | Found a white marble altar of Elyvilon.
  3792 | D:4      | Reached XP level 7. HP: 16/43 MP: 0/11
  4212 | D:4      | Found a burning altar of Makhleb.
  4212 | D:4      | Found a radiant altar of Vehumet.
  4217 | D:4      | Became a worshipper of Vehumet
  4238 | D:4      | Found Wiotaybb's Jewellery Shop.
  4450 | D:4      | Learned a level 4 spell: Olgreb's Toxic Radiance
  4616 | D:4      | Found a transporter.
  4668 | D:4      | Found Kaxzulib's Gadget Shop.
  5046 | D:4      | Found a transporter.
  5069 | D:4      | Found Saafav's Book Shoppe.
  5353 | D:4      | Reached skill level 6 in Poison Magic
  5692 | D:5      | Entered Level 5 of the Dungeon
  5772 | D:5      | Found an opulent altar of Gozag.
  5812 | D:5      | Reached skill level 1 in Polearms
  6332 | D:5      | Reached XP level 8. HP: 15/48 MP: 13/13
  6639 | D:5      | HP: 1/50 [crimson imp/iceblast (19)]
  6640 | D:5      | Killed from afar by a crimson imp

Levels and vault maps discovered:
D:1:      psy_arrival_terrarium, layout_rooms
D:2:      layout_basic, minmay_tetromino_l4, uniq_robin, uniq_jessica
D:3:      layout_basic
D:4:      gammafunk_cloud_chamber, layout_basic,
          chequers_temple_overflow_statue_of_worship, first_ration,
          serial_shops, nicolae_shop_stone, nicolae_shop_crystal, shop,
          nicolae_shop_waterfront
D:5:      layout_loops_ring, temple_fountains, basic_altar, uniq_eustachio

Skill      XL: |  1  2  3  4  5  6  7 |
---------------+----------------------+-----
Poison Magic   | 4 5 6 |  6.5
Conjurations   | 2 3 |  3.4
Dodging        | 3 4 |  4.1
Slings         | 2 3 |  3.5
Fighting       | 1 |  1.8
Spellcasting   | 3 |  3.6
Polearms       | 1 |  1.1
Maces & Flails | |  0.4
Stealth        | |  2.6
Air Magic      | |  0.5

Action                   |  1- 3 |  4- 6 |  7- 9 || total
-------------------------+-------+-------+-------++-------
Melee: Unarmed           |     6 |       |       ||     6
       Whip              |    29 |     3 |       ||    32
       Constrict         |     9 |     3 |     4 ||    16
       Tentacles         |     3 |     4 |     5 ||    12
       Spear             |       |     7 |    35 ||    42
 Fire: Hunting sling     |       |    93 |    66 ||   159
 Cast: Sting             |    18 |    10 |    35 ||    63
       Poisonous Vapours |    19 |    27 |    21 ||    67
       Mephitic Cloud    |     2 |     4 |     3 ||     9
       Olgreb's Toxic Ra |       |       |     2 ||     2
  Use: Potion            |     2 |       |       ||     2
 Stab: Confused          |       |       |     1 ||     1
  Eat: Chunk             |     4 |     7 |     7 ||    18
       Ration            |       |       |     1 ||     1
Armor: Skin              |     6 |     2 |     1 ||     9
Dodge: Dodged            |    43 |    42 |    41 ||   126
